 Dungeon Crawl Stone Soup version 0.19.5 (webtiles) character file.

28 tidbits the Skirmisher (level 2, 21/21 HPs)
             Began as a High Elf Wanderer on Oct 31, 2017.
             Quit the game on level 2 of the Dungeon.
             The game lasted 00:02:10 (500 turns).

tidbits the Skirmisher (High Elf Wanderer)           Turns: 500, Time: 00:02:11

Health: 21/21      AC:  6    Str: 11    XL:     2   Next: 96%
Magic:  4/4        EV:  9    Int: 14    God:
Gold:   3          SH:  0    Dex: 15    Spells: 0 memorised, 3 levels left

rFire  . . .     SeeInvis .     a - +2 spear
rCold  . . .     Gourm    .     B - +0 scale mail
rNeg   . . .     Faith    .     (no shield)
rPois  .         Spirit   .     (no helmet)
rElec  .         Reflect  .     (no cloak)
rCorr  .         Harm     .     (no gloves)
MR     .....                    (no boots)
Stlth  ..........               (no amulet)
                                (no ring)
                                (no ring)

@: no status effects
A: no striking features
a: no special abilities


You were on level 2 of the Dungeon.
You were not hungry.

You visited 1 branch of the dungeon, and saw 2 of its levels.

You collected 3 gold pieces.

Inventory:

Hand Weapons
 a - a +2 spear (weapon)
 g - a +0 dagger
   (You found it on level 1 of the Dungeon)
 i - a +0 short sword
   (You found it on level 1 of the Dungeon)
Armour
 d - a +0 robe
 B - a +0 scale mail (worn)
   (You found it on level 1 of the Dungeon)
Scrolls
 c - a scroll of teleportation
 e - a scroll of fear {unknown}
 j - a scroll of noise {unknown}
 k - a scroll of identify {unknown}
Potions
 b - a potion of curing
Comestibles
 f - a bread ration
 h - a slice of pizza


   Skills:
 + Level 3.6 Fighting
 - Level 2.0 Dodging
 - Level 1.1 Stealth
 - Level 1.2 Spellcasting
   Level 1.7 Summonings
   Level 2.0 Fire Magic
   Level 1.0 Evocations


You had 3 spell levels left.
You didn't know any spells.

Dungeon Overview and Level Annotations

Branches:
Dungeon (2/15)

Altars:


Message History

The hobgoblin hits you but does no damage.
You hit the hobgoblin.
The hobgoblin is almost dead.
The hobgoblin barely misses you.
You puncture the hobgoblin!
You kill the hobgoblin!
An adder comes into view.
Attack whom?
Press: ? - help, Dir - move target cursor, f - adder
Aim: an adder (hasn't noticed you)
You reach to attack!
You catch the helpless adder completely off-guard!
You hit the adder.
The adder is lightly wounded.
You hit the adder.
The adder is moderately wounded.
The adder barely misses you. x2
You barely miss the adder.
The adder is moderately wounded.
The adder bites you but does no damage.
You miss the adder.
The adder is moderately wounded.
The adder bites you.
You are poisoned.
The adder poisons you! The adder closely misses you.
You hit the adder.
The adder is severely wounded.
You feel sick. The adder bites you but does no damage.
You miss the adder.
The adder is severely wounded.
The adder bites you.
* * * LOW HITPOINT WARNING * * *
You hit the adder.
You kill the adder!
You feel sick.
You are too injured to fight recklessly!
You are too injured to fight recklessly!
You are too injured to fight recklessly!
Things that are here:
a club; an adder corpse; a hobgoblin corpse You feel sick.
A quokka comes into view.
You feel sick.
You feel sick.
You are no longer poisoned.
An ooze comes into view.
The ooze quivers.
You are too injured to fight recklessly!
Attack whom?
Press: ? - help, Dir - move target cursor, f - ooze
Aim: an ooze You reach to attack!
You hit the ooze but do no damage. The ooze hits you.
* * * LOW HITPOINT WARNING * * *
You are too injured to fight recklessly!
You are too injured to fight recklessly!
You are too injured to fight recklessly!
You are too injured to fight recklessly!
You are too injured to fight recklessly!
You barely miss the ooze. The ooze hits you but does no damage.
You hit the ooze.
The ooze is heavily wounded.
The ooze hits you.
* * * LOW HITPOINT WARNING * * *
You hit the ooze.
The ooze is severely wounded.
The ooze hits you but does no damage.
You barely miss the ooze.
The ooze is severely wounded.
The ooze closely misses you.
You hit the ooze.
You kill the ooze!
You feel better. The quokka barely misses you.
The quokka bites you but does no damage.
You closely miss the quokka. The quokka bites you.
* * * LOW HITPOINT WARNING * * *
You barely miss the quokka. The quokka closely misses you.
You closely miss the quokka.
The quokka bites you but does no damage.
The quokka bites you.
* * * LOW HITPOINT WARNING * * *
You miss the quokka. The quokka closely misses you.
You miss the quokka.
The quokka bites you but does no damage.
You closely miss the quokka. The quokka barely misses you.
Your scale mail prevents you from hitting the quokka.
The quokka bites you but does no damage. x2
You barely miss the quokka. The quokka closely misses you.
You closely miss the quokka. The quokka bites you.
* * * LOW HITPOINT WARNING * * *
You hit the quokka.
The quokka is heavily wounded.
The quokka barely misses you. The quokka completely misses you.
You hit the quokka.
You kill the quokka!
You see here a quokka corpse.
You start resting.
HP restored.
Are you sure you want to abandon this character and quit the game? (Confirm with "yes".)
Okay, then.
Are you sure you want to abandon this character and quit the game? (Confirm with "yes".)

## .# # .# #.##
.# .... .#
#..####.#######
#....รท@.........
##.###.####....
.. #.####.r.# #
## #.##.. ..# .##
#.##.#...### ...
#.##.#......
#...........# ##
####.######.# #.
#.#.#####.#####.


There were no monsters in sight!

Vanquished Creatures
  2 adders (D:2)
  An ooze (D:2)
  2 hobgoblins
  A quokka (D:2)
  A rat (D:1)
7 creatures vanquished.

Notes
Turn   | Place    | Note
-------+----------+-------------------------------------------
     0 | D:1      | tidbits the High Elf Wanderer began the quest for the Orb.
     0 | D:1      | tidbits set off with: a +2 spear, a potion of curing, a scroll of teleportation, a +0 robe, a bread ration
     0 | D:1      | Reached XP level 1. HP: 16/16 MP: 3/3
   115 | D:2      | Reached skill level 2 in Dodging
   115 | D:2      | Reached XP level 2. HP: 12/21 MP: 4/4
   216 | D:2      | HP: 1/21 [quokka (3)]
   500 | D:2      | Quit the game

Skill      XL: |  1 |
---------------+----+-----
Dodging        | 2 |  2.0
Fighting       | |  3.6
Stealth        | |  1.1
Spellcasting   | |  1.2
Summonings     | |  1.7
Fire Magic     | |  2.0
Evocations     | |  1.0

Action                   || total
-------------------------++-------
Melee: Spear             ||    39
  Use: Potion            ||     1
 Stab: Sleeping          ||     1
       Distracted        ||     1
Armor: Scale mail        ||    13
Dodge: Dodged            ||    17

Table legend:
 A = Turns spent in this place as a percentage of turns spent in the entire game.
 B = Non-inter-level travel turns spent in this place as a percentage of non-inter-level travel turns spent in the entire game.
 C = Inter-level travel turns spent in this place as a percentage of turns spent in this place.
 D = Turns resting spent in this place as a percentage of non-inter-level travel turns spent in this place.
 E = Turns spent auto-exploring this place as a percentage of non-inter-level travel turns spent in this place.
 F = Non-inter-level travel turns spent in this place divided by the number of levels of this place that you've seen.
                   A       B       C       D       E      F
               +-------+-------+-------+-------+-------+----------------------
         Total | 100.0 | 100.0 |   0.0 |   0.9 |   0.0 | 107.0
       Dungeon | 100.0 | 100.0 |   0.0 |   0.9 |   0.0 | 107.0
               +-------+-------+-------+-------+-------+----------------------

Table legend:
 A = Kills in this place as a percentage of kills in entire the game.
 B = Kills by you in this place as a percentage of kills by you in the entire game.
 C = Kills by friends in this place as a percentage of kills by friends in the entire game.
 D = Other kills in this place as a percentage of other kills in the entire game.
 E = Experience gained in this place as a percentage of experience gained in the entire game.
 F = Experience gained in this place divided by the number of levels of this place that you have seen.
                   A       B       C       D       E      F
               +-------+-------+-------+-------+-------+----------------------
         Total | 100.0 | 100.0 |  -nan |  -nan | 100.0 |  20.0
       Dungeon | 100.0 | 100.0 |  -nan |  -nan | 100.0 |  20.0
               +-------+-------+-------+-------+-------+----------------------

Vault maps used:
D:1:      zelgadis_glass_arrival_small, minmay_pentomino_p2
D:2:      uniq_robin, uniq_crazy_yiuf_cottage, uniq_natasha
